Map: Overgrown Facility

Players

PureLegacy - Winner!

  • Race: Terran Terran
  • Spawn Location: 3:00

LOADBLASTER - Winner!

  • Race: Terran Terran
  • League: Grandmaster
  • Spawn Location: 1:00

MoBigdIIck

  • Race: Terran Terran
  • Spawn Location: 7:00

Amis

  • Race: Terran Terran
  • League: Master
  • Spawn Location: 9:00

VOD

Have the link to the VOD?

Description

Time

  • Played on: Nov. 29, 2018, 7:18 a.m.
  • Length: 10:39
Show
View Real Time Build Order
Export as new Build Order

PureLegacy Terran - Winner!

Build Orders: 1/1/1, Hellion Banshee, Mech 

Get SALT Encoding   

  12  0:00  SCV  
  13  0:13  SCV  
  14  0:19  Supply Depot  
  14  0:25  SCV  
  15  0:35  Refinery  
  15  0:41  SCV  
  16  0:46  Barracks  
  16  0:53  SCV  
  17  1:01  Refinery  
  17  1:05  SCV  
  18  1:17  SCV  
  19  1:34  Factory, Orbital Command  
  19  1:42  Reaper  
  20  1:56  Supply Depot  
  20  2:00  SCV  
  21  2:12  SCV  
  21  2:14  Reaper  
  23  2:18  Hellion  
  23  2:20  Starport  
  25  2:26  SCV  
  24  2:38  SCV  
  24  2:46  Hellion  
  24  2:47  Barracks Tech Lab  
  24  2:50  SCV  
  27  2:55  Supply Depot  
  27  3:02  SCV  
  28  3:08  Hellion  
  30  3:15  SCV  
  30  3:17  Cloaking Field  
  30  3:18  Banshee  
  34  3:25  Supply Depot  
  34  3:29  Hellion  
  34  3:30  Barracks Reactor  
  36  3:53  Command Center  
  36  4:01  Banshee  
  32  4:16  SCV  
  30  4:25  Hellion  
  30  4:26  Hellion  
  30  4:28  SCV  
  34  4:44  Raven  
  36  4:52  Hellion x2  
  40  4:53  SCV  
  41  5:00  Command Center  
  41  5:06  SCV  
  42  5:26  SCV  
  43  5:45  Siege Tank  
  43  5:46  Viking x2  
  50  5:53  Orbital Command  
  50  5:54  SCV  
  46  5:57  Engineering Bay  
  44  6:16  Viking x2  
  44  6:18  SCV x2  
  50  6:19  SCV  
  48  6:40  Orbital Command  
  48  6:41  SCV x2  
  50  6:48  Viking x2  
  50  6:53  SCV  
  55  6:55  SCV  
  55  6:57  Siege Tank  
  55  7:01  Missile Turret  
  59  7:04  Missile Turret  
  59  7:05  SCV  
  59  7:07  SCV  
  61  7:08  SCV  
  61  7:12  Barracks Tech Lab  
  61  7:13  Factory  
  62  7:17  SCV  
  62  7:20  Refinery, SCV  
  62  7:21  SCV  
  62  7:22  Refinery  
  65  7:23  Supply Depot  
  65  7:29  SCV  
  66  7:32  SCV  
  66  7:33  SCV  
  66  7:50  SCV x3  
  69  7:53  Siege Tank  
  69  7:56  Factory  
  72  8:02  SCV x2  
  72  8:03  Supply Depot x2  
  75  8:09  Orbital Command  
  74  8:14  Supply Depot, SCV x2, Siege Tank  
  74  8:15  Viking  
  81  8:26  SCV x2  
  83  8:34  Armory x2, Supply Depot  
  83  8:35  Hellion  
  83  8:37  SCV  
  83  8:38  SCV x2  
  88  8:48  Factory Reactor, Siege Tank  
  91  8:49  SCV  
  91  8:50  SCV x2  
  91  8:52  Supply Depot  
  91  8:55  Supply Depot  
  94  9:00  Siege Tank  
  94  9:01  SCV  
  94  9:02  SCV x2  
  100  9:05  Refinery x2  
  100  9:08  Supply Depot  
  97  9:13  SCV  
  97  9:14  SCV  
  97  9:16  SCV  
  95  9:25  SCV  
  95  9:26  SCV  
  95  9:28  SCV  
  95  9:30  Siege Tank  
  95  9:31  Hellion x2  
  104  9:37  SCV  
  105  9:39  SCV  
  105  9:40  SCV  
  107  9:49  SCV  
  107  9:51  SCV  
  107  9:52  Hellion  
  111  9:53  SCV  
  111  9:56  Hellion x2  
  116  10:02  SCV  
  116  10:03  SCV  
  116  10:05  Command Center  
  116  10:06  Viking  
  120  10:10  SCV  
  120  10:14  SCV  
  122  10:17  SCV  
  123  10:22  SCV  
Show
View Real Time Build Order
Export as new Build Order

LOADBLASTER Terran - Winner!

Build Orders:  

Get SALT Encoding   

  12  0:03  SCV  
  13  0:15  SCV  
  13  0:20  Supply Depot  
  14  0:27  SCV  
  15  0:30  Refinery  
  15  0:41  SCV  
  16  0:47  Barracks  
  16  0:53  SCV  
  17  0:59  Refinery  
  17  1:06  SCV  
  18  1:18  SCV  
  19  1:34  Reaper, Orbital Command  
  20  1:44  Factory  
  20  1:52  Supply Depot  
  20  2:03  SCV  
  20  2:06  Reaper  
  22  2:15  SCV  
  23  2:29  Hellion  
  25  2:34  Command Center  
  25  2:36  SCV  
  26  2:41  Barracks Tech Lab  
  26  2:49  SCV  
  26  2:50  Hellion  
  29  3:00  Supply Depot  
  29  3:04  SCV  
  30  3:20  Mag-Field Accelerator  
  30  3:22  Cyclone  
  33  3:27  SCV  
  33  3:31  Barracks Reactor  
  34  3:39  SCV  
  35  3:50  Orbital Command  
  35  3:52  Command Center  
  35  3:58  Cyclone  
  35  4:00  SCV  
  39  4:12  SCV  
  39  4:17  SCV  
  41  4:20  Factory  
  41  4:24  SCV  
  41  4:29  SCV  
  43  4:31  Cyclone  
  43  4:37  Supply Depot, SCV  
  47  4:41  SCV  
  47  4:43  Engineering Bay  
  48  4:49  SCV  
  49  4:53  SCV  
  50  5:01  SCV  
  50  5:02  Refinery x2  
  50  5:03  Cyclone  
  50  5:05  SCV  
  50  5:06  Orbital Command  
  55  5:09  Hellion  
  55  5:13  SCV  
  57  5:17  SCV  
  57  5:19  Hellion  
  60  5:22  Barracks Reactor  
  60  5:25  SCV  
  59  5:29  Missile Turret, SCV  
  59  5:35  Starport  
  60  5:36  SCV  
  61  5:43  Cyclone  
  61  5:44  Hellion  
  61  5:45  SCV  
  61  5:47  SCV  
  61  5:49  SCV  
  68  5:58  SCV  
  68  5:59  Factory  
  67  6:05  Infernal Pre-Igniter  
  67  6:06  Barracks Tech Lab  
  67  6:08  SCV  
  63  6:11  Orbital Command  
  63  6:17  Cyclone  
  66  6:23  Viking x2  
  69  6:26  Hellion  
  69  6:29  Supply Depot  
  69  6:30  SCV x2  
  75  6:33  Hellion  
  75  6:36  SCV  
  76  6:42  SCV  
  76  6:46  Supply Depot  
  77  6:50  SCV  
  77  6:52  Cyclone x2  
  84  6:56  SCV  
  85  7:03  Armory  
  85  7:04  Sensor Tower  
  85  7:07  Viking, SCV x2  
  85  7:08  Hellion x2  
  93  7:09  Missile Turret  
  93  7:12  Missile Turret  
  93  7:14  Refinery  
  93  7:15  Refinery  
  93  7:25  Supply Depot  
  93  7:43  Cyclone x2, Supply Depot, SCV x2  
  101  7:46  Supply Depot, Hellion, Viking, SCV  
  101  7:47  Factory  
  101  7:48  Factory  
  106  7:52  Terran Vehicle Weapons Level 1  
  106  7:55  SCV x2  
  106  7:58  Sensor Tower, SCV  
  108  8:00  Supply Depot  
  108  8:04  Missile Turret  
  109  8:05  Missile Turret  
  109  8:15  Siege Tank  
  109  8:17  Hellion  
  115  8:20  Viking  
  115  8:22  Viking  
  116  8:30  SCV  
  116  8:32  Factory Reactor, Factory Tech Lab, Command Center  
  117  8:38  Siege Tank  
  120  8:47  Siege Tank  
  123  8:50  Viking  
  123  8:52  Siege Tank  
  128  9:00  Hellion  
  128  9:02  Hellion  
  122  9:10  Siege Tank  
  122  9:12  Hellion  
  127  9:19  Supply Depot, Hellion, Siege Tank  
  127  9:20  Supply Depot  
  132  9:31  Siege Tank  
  132  9:34  Hellion x3  
  123  9:40  Hellion  
  123  9:41  Viking  
  123  9:42  Siege Tank  
  115  9:45  SCV x2  
  115  9:46  SCV  
  115  9:51  Siege Tank  
  120  9:56  Hellion  
  120  9:57  SCV  
  123  10:00  SCV  
  123  10:03  Viking, Siege Tank  
  123  10:04  Hellion  
  131  10:14  Hellion  
  137  10:15  Hellion  
  137  10:16  SCV  
  137  10:18  SCV  
  142  10:23  Refinery x2, SCV  
Show
View Real Time Build Order
Export as new Build Order

MoBigdIIck Terran 

Build Orders:  

Get SALT Encoding   

  12  0:01  SCV  
  13  0:13  SCV  
  14  0:20  Supply Depot  
  14  0:27  SCV  
  15  0:42  SCV  
  16  0:43  Barracks  
  16  0:49  Refinery  
  16  0:54  SCV  
  17  1:02  Barracks  
  17  1:06  SCV  
  18  1:18  SCV  
  18  1:25  Barracks  
  19  1:31  Reaper  
  20  1:38  Refinery  
  20  1:48  Orbital Command  
  20  1:52  Reaper  
  21  2:05  Reaper  
  22  2:11  Supply Depot  
  22  2:14  SCV  
  23  2:33  Reaper x2  
  25  2:37  Reaper  
  26  2:49  SCV  
  26  2:55  Supply Depot  
  26  3:05  Reaper x2  
  28  3:06  Command Center  
  28  3:10  Reaper  
  29  3:17  SCV  
  30  3:25  Supply Depot  
  30  3:32  SCV  
  31  3:37  Reaper x2  
  33  3:44  SCV  
  34  3:56  Factory  
  34  3:58  SCV  
  34  4:02  Barracks Tech Lab  
  31  4:14  Barracks Reactor x2  
  29  4:21  Orbital Command  
  29  4:23  SCV  
  30  4:24  Marine  
  31  4:37  Engineering Bay  
  29  4:43  Widow Mine  
  30  4:45  Starport  
  30  4:46  Marine, SCV  
  30  4:47  SCV  
  30  4:51  Marine x4  
  36  4:58  SCV  
  36  4:59  SCV  
  38  5:07  Missile Turret x2  
  38  5:08  Factory Reactor  
  38  5:19  Marine x3  
  41  5:28  Marine x2  
  38  5:30  Viking  
  41  5:37  Marine x3  
  41  5:39  Supply Depot x2  
  44  5:45  Marine  
  45  5:53  SCV x2  
  45  5:55  Barracks Tech Lab  
  45  5:56  Factory Reactor  
  41  6:05  Medivac, SCV x2  
  41  6:08  Supply Depot  
  41  6:09  Terran Infantry Weapons Level 1, Marine x4  
  49  6:14  Stimpack  
  49  6:15  Marine  
  50  6:19  SCV  
  50  6:21  SCV  
  52  6:32  SCV  
  53  6:33  SCV  
  54  6:43  Medivac x2  
  54  6:44  Factory Tech Lab  
  54  6:45  Marine x4, SCV x2  
  54  6:46  Marine  
  65  6:53  Supply Depot  
  65  6:57  SCV x2  
  67  7:09  SCV  
  67  7:13  Refinery  
  67  7:14  Refinery  
  68  7:19  Marine x3  
  68  7:20  Marine x2, Command Center  
  73  7:28  SCV x2  
  64  7:46  Marine x3  
  64  7:47  Marine x2, Siege Tank  
  64  7:50  SCV x2  
  71  7:51  Medivac  
  71  7:52  Medivac  
  75  8:02  SCV x2  
  75  8:04  Marine  
  78  8:08  Marine x4  
  82  8:13  Terran Infantry Armor Level 1  
  82  8:14  SCV x2  
  82  8:15  Armory  
  82  8:18  Engineering Bay  
  84  8:24  Marine  
  85  8:31  Supply Depot  
  85  8:32  Siege Tank  
  87  8:39  Marine x3  
  87  8:40  Marine  
  87  8:41  Orbital Command  
  91  8:51  Factory  
  88  8:59  SCV x2  
  88  9:00  Marine  
  88  9:01  Marine x3  
  65  9:14  Marine  
  60  9:18  Marine  
  60  9:23  Marine x3, Siege Tank  
  67  9:29  SCV  
  67  9:30  SCV  
  61  9:32  Marine  
  61  9:33  Medivac, Orbital Command  
  61  9:36  Marine  
  58  9:52  Marine  
  58  9:53  Marine x2, Barracks Tech Lab  
  58  9:54  Factory Tech Lab  
  58  9:55  Siege Tank  
  64  10:00  SCV x3  
  64  10:05  Supply Depot  
  67  10:12  SCV x2  
  67  10:13  SCV  
Show
View Real Time Build Order
Export as new Build Order

Amis Terran 

Build Orders: Gas First Reaper Expand 

Get SALT Encoding   

  12  0:01  SCV  
  13  0:13  SCV  
  14  0:19  Supply Depot  
  14  0:25  SCV  
  15  0:30  Refinery  
  15  0:41  SCV  
  16  0:47  Barracks  
  16  0:53  SCV  
  17  1:05  SCV  
  18  1:17  SCV  
  19  1:34  Reaper  
  19  1:35  Orbital Command  
  20  1:51  Command Center  
  20  2:02  SCV  
  20  2:07  Factory  
  21  2:10  Barracks Reactor  
  21  2:16  SCV  
  22  2:24  Supply Depot  
  22  2:27  Refinery  
  22  2:28  SCV  
  23  2:34  Bunker  
  23  2:45  SCV  
  23  2:55  Starport  
  23  2:57  SCV  
  23  3:02  Hellion  
  23  3:03  Hellion  
  23  3:05  Barracks Tech Lab  
  27  3:10  Orbital Command  
  27  3:18  SCV  
  28  3:24  Hellion  
  28  3:26  Hellion  
  32  3:30  SCV  
  33  3:40  Fusion Core  
  34  3:41  SCV  
  34  3:42  SCV  
  35  3:49  Supply Depot  
  35  3:53  SCV  
  35  3:54  SCV  
  37  4:04  Refinery  
  37  4:05  SCV  
  37  4:06  SCV  
  37  4:08  Hellion x2  
  41  4:17  SCV  
  41  4:18  SCV  
  41  4:21  Supply Depot  
  43  4:29  SCV  
  43  4:31  SCV  
  45  4:38  Battlecruiser  
  45  4:41  SCV  
  45  4:43  Supply Depot, SCV  
  53  4:49  Engineering Bay  
  53  4:54  SCV  
  53  4:55  SCV  
  53  4:56  Supply Depot  
  53  4:59  Widow Mine  
  59  5:00  Widow Mine  
  59  5:06  SCV  
  60  5:07  SCV  
  61  5:20  Missile Turret x2  
  60  5:27  Weapon Refit  
  57  5:28  SCV  
  57  5:34  SCV  
  54  5:40  SCV  
  53  5:46  SCV  
  54  5:54  SCV  
  61  5:58  SCV  
  60  6:07  SCV  
  59  6:14  SCV  
  59  6:15  Factory  
  53  6:19  Factory Tech Lab  
  53  6:20  Refinery  
  53  6:23  SCV  
  53  6:28  Viking  
  53  6:29  SCV  
  46  6:41  SCV  
  46  6:42  SCV  
  48  6:47  Mag-Field Accelerator  
  48  6:49  Cyclone  
  48  6:54  SCV x2  
  53  6:57  Command Center  
  53  7:01  Raven  
  55  7:06  SCV x2  
  57  7:09  Armory, Supply Depot  
  57  7:17  Factory  
  57  7:18  SCV x2  
  59  7:25  Cyclone  
  59  7:27  Hellion x2  
  66  7:30  SCV  
  66  7:33  SCV  
  68  7:42  SCV  
  69  7:45  SCV  
  70  7:54  SCV  
  70  7:57  SCV  
  72  8:00  Supply Depot  
  72  8:02  Supply Depot  
  72  8:04  Terran Vehicle Weapons Level 1, Starport Reactor  
  72  8:06  SCV  
  72  8:09  SCV, Siege Tank  
  77  8:16  Missile Turret  
  77  8:18  Missile Turret, SCV  
  78  8:20  Siege Tank  
  78  8:21  SCV  
  78  8:22  Hellion x2  
  86  8:30  SCV  
  86  8:31  Infernal Pre-Igniter  
  86  8:33  SCV  
  88  8:39  Supply Depot x2  
  88  8:40  Supply Depot  
  88  8:42  SCV  
  88  8:44  Siege Tank  
  88  8:48  Orbital Command  
  92  8:49  SCV  
  92  8:55  SCV  
  94  9:00  Refinery  
  94  9:05  Refinery  
  94  9:08  Viking x2  
  94  9:09  Siege Tank  
  101  9:11  SCV  
  101  9:12  SCV  
  101  9:16  Siege Tank  
  104  9:37  Hellion x2  
  97  9:38  Viking, SCV  
  97  9:41  Siege Tank  
  97  9:42  Factory x2  
  95  9:48  SCV, Siege Tank  
  99  9:54  SCV  
  99  9:55  Command Center  
  100  10:01  SCV  
  101  10:09  Hellion  
  107  10:16  Supply Depot  
  107  10:17  Supply Depot x2  
  107  10:18  Armory  
  105  10:28  Factory Tech Lab  
Tags
 
Add a new tag
Caveats
  • Supply blocks, unpowered buildings, or Contaminate may cause inaccurate times.
  • Supply counts are checked every 10 seconds.